 Dungeon Crawl Stone Soup version 0.21.1-1-g345015f (webtiles) character file.

226 inc the Changer (level 6, -3/38 HPs)
             Began as an Octopode Transmuter on June 11, 2018.
             Killed from afar by an orc wizard (8 damage)
             ... with a magic dart
             ... on level 4 of the Dungeon.
             The game lasted 00:04:15 (3359 turns).

inc the Changer (Octopode Transmuter)               Turns: 3359, Time: 00:04:16

Health: -3/38      AC:  1    Str:  9    XL:     6   Next: 1%
Magic:  3/9        EV: 14    Int: 18    God:
Gold:   138        SH:  0    Dex: 12    Spells: 1/9 levels left

rFire    . . .     SeeInvis .     - Unarmed
rCold    . . .     Gourm    .   (no shield)
rNeg     . . .     Faith    .   (helmet restricted)
rPois    .         Spirit   .   (no amulet)
rElec    .         Reflect  .   (no ring)
rCorr    .         Harm     .   (no ring)
MR       .....                  (no ring)
Stlth    ++........             (no ring)
HPRegen  0.12/turn              (no ring)
MPRegen  0.11/turn              (no ring)
                                (no ring)
                                (no ring)

@: very slightly contaminated
A: almost no armour, stealthy swim, amphibious, 8 rings, constrict 8, camouflage
1, gelatinous body 1
a: no special abilities


You were on level 4 of the Dungeon.
You were not hungry.

You visited 1 branch of the dungeon, and saw 4 of its levels.

You collected 138 gold pieces.

Inventory:

Missiles
 a - 28 arrows
Scrolls
 e - 4 scrolls of teleportation {unknown}
 f - 2 scrolls of amnesia {unknown}
 h - 2 scrolls of remove curse {unknown}
 i - a scroll of fog {unknown}
 j - a scroll of immolation {unknown}
 k - a scroll of random uselessness {unknown}
 l - 2 scrolls of identify {unknown}
 m - a scroll of enchant weapon {unknown}
 o - a scroll of noise {unknown}
Potions
 d - a potion of magic
 g - a potion of flight
 n - a potion of brilliance {unknown}
 p - 3 potions of curing {unknown}
 q - a potion of invisibility {unknown}
 s - a potion of resistance {unknown}
Books
 b - a book of Changes

   Spells                             Type                      Level
   a - Beastly Appendage              Transmutation                1
   b - Sticks to Snakes               Transmutation                2
   c - Spider Form                    Transmutation/Poison         3
   d - Ice Form                       Ice/Transmutation            4
   e - Blade Hands                    Transmutation                5
 r - a book of Burglary

   Spells                             Type                      Level
   a - Swiftness                      Charms/Air                   2
   b - Passwall                       Transmutation/Earth          2
   c - Passage of Golubria            Translocation                4
   d - Lee's Rapid Deconstruction     Earth                        5
   e - Darkness                       Hexes                        6
   f - Invisibility                   Hexes                        6
Comestibles
 c - 10 rations
 t - a chunk of flesh


   Skills:
 - Level 1.0 Fighting
 - Level 2.6 Dodging
 - Level 3.0 Unarmed Combat
 - Level 2.0 Spellcasting
 + Level 5.7 Transmutations


You had one spell level left.
You knew the following spells:

 Your Spells              Type           Power        Failure   Level  Hunger
a - Beastly Appendage     Tmut           ###...       1%          1    #......
b - Passwall              Tmut/Erth      ##........   9%          2    ###....
c - Swiftness             Chrm/Air       #.......     26%         2    ###....
d - Spider Form           Tmut/Pois      ##........   17%         3    ###....


Dungeon Overview and Level Annotations

Branches:
Dungeon (4/15)
 Temple: D:4-7

Altars:
Hepliaklqana
Makhleb
Nemelex Xobeh
Trog
Wu Jian
The Shining One


Innate Abilities, Weirdness & Mutations

You cannot wear most types of armour.
You are very stealthy in the water. (Stealth+)
You are amphibious.
You can wear up to eight rings at the same time.
You can use your tentacles to constrict eight enemies at once.
Your skin changes colour to match your surroundings (Stealth+).
Your rubbery body absorbs attacks. (AC +1, EV +1)


Message History

You closely miss the orc. You grab the orc.
The orc is lightly wounded.
You constrict the orc. The orc wizard casts a spell at you.
The puff of flame hits you!
* * * LOW HITPOINT WARNING * * *
Unknown command.
You tentacle-slap the orc.
The orc is heavily wounded.
You constrict the orc, but do no damage.
The orc misses you.
Unknown command.
You release your grip on the orc.
The orc misses you.
Things that are here:
a dagger; a robe; an orc corpse You completely miss the orc.
Your grab misses the orc.
The orc is heavily wounded.
The orc wizard casts a spell at you. The magic dart hits you!
You die...

#...#......#
#...#......#.......#
###'##.....#.......#
#...##.....#.......#
#....'.....#.......#
#....#.....#..%....#
#...##.....#....o..#
#...##.....#.......#
#...##.....#...o@..#
######.....#.......#
#........<.#....^..#
#..........#.......#
#..........#.......#
#..........[.....[.#
############.......#
#########


You could see an orc wizard and an orc.

Vanquished Creatures
  2 orc priests
  An orc wizard (D:4)
  5 adders
  A worm (D:2)
  5 dart slugs
  7 leopard geckos
  5 orcs (D:3)
  A ball python (D:1)
  10 bats
  4 giant cockroaches
  3 goblins
  6 hobgoblins
  4 jackals (D:3)
  3 kobolds
  2 quokkas
  2 frilled lizards
  12 rats
73 creatures vanquished.

Notes
Turn   | Place    | Note
-------+----------+-------------------------------------------
     0 | D:1      | inc the Octopode Transmuter began the quest for the Orb.
     0 | D:1      | Reached XP level 1. HP: 13/13 MP: 3/3
    98 | D:1      | Reached XP level 2. HP: 17/18 MP: 5/5
   280 | D:1      | Reached XP level 3. HP: 21/23 MP: 6/6
   321 | D:1      | Reached skill level 3 in Transmutations
   884 | D:2      | Found an ornate altar of the Wu Jian Council.
  1311 | D:2      | Reached XP level 4. HP: 28/28 MP: 7/7
  1344 | D:2      | Found a burning altar of Makhleb.
  1344 | D:2      | Noticed a cacodemon
  1347 | D:2      | Noticed a smoke demon
  1347 | D:2      | Noticed an orange demon
  1525 | D:2      | Reached skill level 4 in Transmutations
  1798 | D:2      | Found a sparkling altar of Nemelex Xobeh.
  1960 | D:3      | Found a hazy altar of Hepliaklqana.
  2276 | D:3      | Learned a level 2 spell: Passwall
  2279 | D:3      | Learned a level 2 spell: Swiftness
  2338 | D:3      | Reached XP level 5. HP: 33/33 MP: 6/8
  2448 | D:3      | Found a glowing golden altar of the Shining One.
  3019 | D:3      | Reached skill level 5 in Transmutations
  3237 | D:3      | Found a bloodstained altar of Trog.
  3292 | D:4      | Learned a level 3 spell: Spider Form
  3354 | D:4      | Reached XP level 6. HP: 19/38 MP: 2/9
  3359 | D:4      | Killed from afar by an orc wizard

Skill      XL: |  1  2  3  4  5 |
---------------+----------------+-----
Transmutations | 3 4 5 |  5.7
Fighting       | |  1.0
Dodging        | |  2.6
Unarmed Combat | |  3.0
Spellcasting   | |  2.0

Action                   |  1- 3 |  4- 6 || total
-------------------------+-------+-------++-------
Melee: Unarmed           |    75 |   118 ||   193
       Constrict         |    24 |    31 ||    55
       Tentacles         |    10 |    16 ||    26
       Punch             |     3 |     4 ||     7
       Kick              |       |     2 ||     2
 Cast: Beastly Appendage |       |     1 ||     1
       Spider Form       |       |     1 ||     1
  Use: Potion            |       |     2 ||     2
 Stab: Sleeping          |     9 |     8 ||    17
  Eat: Chunk             |       |     8 ||     8
Armor: Skin              |     5 |    13 ||    18
Dodge: Dodged            |    39 |   100 ||   139
